[ AOE2 MATCH · #505602944 ]
UnrankedBohemians vs Burgundians
Player's team · WIN
[ REPLAY ANALYSIS · EXTRACTED FROM THE RECORDED GAME ]
Feudal
14:34
Castle
24:42
Imperial
—
| APM avg | 23.0 |
| APM peak | 40 |
| eAPM avg | 16.0 |
| Villagers / military | 45 / 31 |
Focus
⚔️ 25.2% · 🌾 74.8%
Militia ×19 · Skirmisher ×12 · Fishing Ship ×3
Feudal
13:06
Castle
—
Imperial
—
| APM avg | 35.0 |
| APM peak | 53 |
| eAPM avg | 16.8 |
| Villagers / military | 51 / 36 |
Focus
⚔️ 27.5% · 🌾 72.5%
Skirmisher ×24 · Flemish Militia ×8 · Scout Cavalry ×3 · Archer ×1
Match map
Initial resources + every placement click. Lines = walls · curves = elevation contours. ◆ gold · ⬟ stone · ● berries · ✦ relic · ◌ wall gap
Your base· ✓ Closed at 24:42 · 11t walls · 1 gate(s)
Morgan Wallin's base· ✓ Closed at 26:23 · 12t walls · 4 gate(s)
Smoothed initial terrain · ◌ = detected wall gap · hover for details
Inputs per minute
— Banana Latte - - Morgan Wallin
Build order — Banana Latte
141 actions detected in the replay
| 0:01 | Create | Villager (Male) ×4 |
| 0:01 | Create | Villager (Male) ×4 |
| 0:03 | Build | House |
| 0:05 | Build | House |
| 1:27 | Create | Villager (Male) |
| 2:03 | Create | Villager (Male) |
| 2:26 | Create | Villager (Male) |
| 2:47 | Research | Loom |
| 3:00 | Create | Villager (Male) |
| 3:18 | Create | Villager (Male) |
| 3:29 | Build | Barracks |
| 3:37 | Build | House |
| 3:42 | Create | Villager (Male) |
| 4:25 | Create | Villager (Male) |
| 4:35 | Create | Militia |
| 5:04 | Create | Villager (Male) |
| 5:23 | Create | Militia |
| 5:59 | Create | Villager (Male) |
| 6:03 | Build | House |
| 6:19 | Build | House |
| 6:27 | Create | Villager (Male) |
| 6:39 | Create | Militia |
| 6:40 | Create | Militia |
| 6:40 | Create | Militia |
| 7:08 | Create | Villager (Male) |
| 7:09 | Create | Villager (Male) |
| 7:18 | Build | Mining Camp |
| 7:54 | Create | Villager (Male) |
| 7:56 | Create | Militia |
| 8:18 | Create | Villager (Male) |
| 8:32 | Build | House |
| 8:36 | Create | Villager (Male) |
| 8:41 | Create | Militia |
| 8:54 | Build | House |
| 8:58 | Create | Villager (Male) |
| 9:33 | Create | Militia |
| 9:40 | Create | Villager (Male) |
| 9:40 | Create | Villager (Male) |
| 9:50 | Build | Lumber Camp |
| 10:26 | Create | Villager (Male) |
| 10:47 | Build | Mill |
| 10:49 | Create | Villager (Male) |
| 11:00 | Create | Militia |
| 11:13 | Build | Mill |
| 11:19 | Build | House |
| 11:21 | Create | Villager (Male) |
| 11:55 | Build | Dock |
| 12:24 | Research | Feudal Age |
| 12:54 | Create | Fishing Ship |
| 12:55 | Create | Fishing Ship |
| 13:37 | Create | Fishing Ship |
| 14:34 | Age | Feudal Age |
| 14:36 | Build | Watch Tower |
| 14:38 | Research | Man-at-Arms (upgrade) |
| 14:39 | Research | Arson |
| 14:39 | Create | Villager (Male) |
| 14:40 | Create | Villager (Male) |
| 14:44 | Build | Blacksmith |
| 14:51 | Build | Market |
| 14:58 | Build | Fish Trap |
| 15:01 | Research | Double-Bit Axe |
| 15:08 | Build | House |
| 15:09 | Build | House |
| 15:10 | Build | House |
| 15:11 | Build | House |
| 15:12 | Build | House |
| 15:13 | Build | House |
| 15:43 | Build | Archery Range |
| 15:46 | Create | Villager (Male) |
| 15:55 | Build | Farm |
| 16:02 | Research | Scale Mail Armor |
| 16:03 | Research | Fletching |
| 16:10 | Create | Villager (Male) |
| 16:19 | Build | Farm |
| 16:23 | Create | Skirmisher |
| 16:23 | Create | Skirmisher |
| 16:50 | Create | Villager (Male) |
| 16:50 | Create | Villager (Male) |
| 16:52 | Build | Farm |
| 17:01 | Build | Mining Camp |
| 17:13 | Create | Skirmisher |
| 17:46 | Build | Stone Wall |
| 17:47 | Build | Stone Wall |
| 17:49 | Build | Gate |
| 17:57 | Create | Villager (Male) |
| 17:57 | Create | Villager (Male) |
| 18:00 | Build | Farm |
| 18:00 | Build | Farm |
| 18:04 | Build | Farm |
| 18:11 | Build | Farm |
| 18:13 | Build | Farm |
| 18:45 | Create | Villager (Male) |
| 18:48 | Build | Farm |
| 18:51 | Build | House |
| 18:53 | Build | Farm |
| 19:27 | Create | Villager (Male) |
| 19:27 | Create | Villager (Male) |
| 19:29 | Build | Farm |
| 19:30 | Build | Farm |
| 19:31 | Research | Horse Collar |
| 19:50 | Build | Watch Tower |
| 20:03 | Build | House |
| 20:05 | Build | Farm |
| 20:07 | Create | Villager (Male) |
| 20:48 | Build | Farm |
| 20:50 | Build | Farm |
| 20:52 | Create | Villager (Male) |
| 20:52 | Create | Villager (Male) |
| 21:00 | Build | Fish Trap |
| 21:03 | Build | Fish Trap |
| 21:48 | Build | Watch Tower |
| 22:02 | Research | Castle Age |
| 22:02 | Research | Castle Age |
| 22:11 | Research | Forging |
| 22:23 | Create | Militia |
| 22:55 | Create | Militia |
| 22:55 | Create | Militia |
| 22:56 | Create | Militia |
| 22:56 | Create | Militia |
| 23:42 | Create | Skirmisher |
| 23:42 | Create | Skirmisher |
| 23:43 | Create | Skirmisher |
| 24:08 | Create | Militia |
| 24:35 | Create | Militia |
| 24:39 | Create | Villager (Male) |
| 24:42 | Age | Castle Age |
| 24:42 | Research | Long Swordsman (upgrade) |
| 24:43 | Research | Squires |
| 24:45 | Create | Villager (Male) |
| 25:03 | Research | Bow Saw |
| 25:34 | Research | Elite Skirmisher (upgrade) |
| 26:15 | Build | Castle |
| 26:28 | Create | Militia |
| 26:28 | Create | Militia |
| 26:29 | Create | Militia |
| 26:32 | Create | Skirmisher |
| 26:32 | Create | Skirmisher |
| 26:33 | Create | Skirmisher |
| 26:33 | Create | Skirmisher |
| 26:33 | Create | Skirmisher |
| 26:33 | Create | Skirmisher |
Build order — Morgan Wallin
First 150 of 153 actions detected
| 0:02 | Build | House |
| 0:03 | Build | House |
| 0:04 | Create | Villager (Male) |
| 0:04 | Create | Villager (Male) |
| 0:11 | Create | Villager (Male) |
| 1:03 | Create | Villager (Male) |
| 1:44 | Create | Villager (Male) |
| 2:10 | Build | Palisade Gate |
| 2:18 | Create | Villager (Male) |
| 2:45 | Build | House |
| 2:46 | Build | House |
| 2:54 | Create | Villager (Male) |
| 3:25 | Create | Villager (Male) |
| 3:44 | Create | Villager (Male) |
| 4:29 | Create | Villager (Male) |
| 4:30 | Create | Villager (Male) |
| 5:06 | Build | Lumber Camp |
| 5:18 | Create | Villager (Male) |
| 6:00 | Create | Villager (Male) |
| 6:01 | Create | Villager (Male) |
| 6:23 | Create | Villager (Male) |
| 6:31 | Research | Double-Bit Axe |
| 6:59 | Create | Villager (Male) |
| 7:29 | Create | Villager (Male) |
| 7:55 | Build | Mill |
| 7:57 | Create | Villager (Male) |
| 8:12 | Create | Villager (Male) |
| 8:51 | Build | House |
| 9:02 | Create | Villager (Male) |
| 9:25 | Build | Barracks |
| 9:32 | Create | Villager (Male) |
| 9:33 | Create | Villager (Male) |
| 10:18 | Build | House |
| 10:56 | Research | Feudal Age |
| 11:00 | Build | Farm |
| 11:00 | Build | Farm |
| 11:01 | Build | Farm |
| 11:02 | Build | Farm |
| 11:40 | Create | Villager (Male) |
| 12:47 | Create | Villager (Male) |
| 13:06 | Age | Feudal Age |
| 13:07 | Create | Villager (Male) |
| 13:18 | Build | Archery Range |
| 13:39 | Build | Gate |
| 13:48 | Research | Bow Saw |
| 13:49 | Create | Villager (Male) |
| 13:50 | Create | Villager (Male) |
| 13:55 | Build | Farm |
| 14:24 | Build | Stone Wall |
| 14:27 | Build | Stone Wall |
| 14:39 | Create | Skirmisher |
| 14:40 | Create | Skirmisher |
| 14:41 | Create | Flemish Militia |
| 14:41 | Create | Flemish Militia |
| 14:44 | Create | Villager (Male) |
| 15:06 | Build | Stone Wall |
| 15:07 | Build | Stone Wall |
| 15:22 | Create | Skirmisher |
| 15:22 | Create | Skirmisher |
| 15:35 | Create | Flemish Militia |
| 15:35 | Create | Flemish Militia |
| 15:44 | Build | Stone Wall |
| 15:54 | Build | Gate |
| 15:59 | Create | Villager (Male) |
| 16:04 | Build | Farm |
| 16:05 | Build | Farm |
| 16:08 | Build | House |
| 16:09 | Build | House |
| 16:10 | Build | House |
| 16:11 | Build | House |
| 16:38 | Build | Mining Camp |
| 16:40 | Create | Villager (Male) |
| 16:40 | Create | Villager (Male) |
| 16:40 | Create | Villager (Male) |
| 16:50 | Create | Skirmisher |
| 16:56 | Build | House |
| 17:02 | Build | House |
| 17:04 | Build | House |
| 17:06 | Build | House |
| 17:24 | Create | Skirmisher |
| 17:34 | Create | Villager (Male) |
| 17:34 | Create | Villager (Male) |
| 17:38 | Build | Market |
| 17:50 | Build | Farm |
| 17:51 | Build | Farm |
| 17:53 | Build | Farm |
| 17:53 | Build | Farm |
| 17:59 | Build | House |
| 18:15 | Build | House |
| 18:30 | Research | Loom |
| 18:33 | Create | Villager (Male) |
| 18:38 | Create | Skirmisher |
| 18:42 | Create | Flemish Militia |
| 18:58 | Create | Villager (Male) |
| 18:58 | Create | Villager (Male) |
| 19:09 | Build | Blacksmith |
| 19:18 | Build | Palisade Gate |
| 19:23 | Build | House |
| 19:28 | Build | Palisade Wall |
| 19:31 | Create | Villager (Male) |
| 19:31 | Create | Villager (Male) |
| 19:38 | Create | Skirmisher |
| 19:42 | Build | Mining Camp |
| 19:45 | Create | Villager (Male) |
| 20:04 | Create | Villager (Male) |
| 20:11 | Build | Stable |
| 20:20 | Create | Villager (Male) |
| 20:25 | Create | Villager (Male) |
| 20:30 | Build | House |
| 20:34 | Build | Palisade Wall |
| 20:36 | Create | Villager (Male) |
| 20:40 | Create | Villager (Male) |
| 20:49 | Create | Villager (Male) |
| 20:56 | Build | Archery Range |
| 21:00 | Create | Villager (Male) |
| 21:02 | Build | Farm |
| 21:12 | Create | Scout Cavalry |
| 21:13 | Create | Scout Cavalry |
| 21:16 | Create | Skirmisher |
| 21:16 | Create | Skirmisher |
| 21:26 | Build | Palisade Wall |
| 21:30 | Create | Skirmisher |
| 21:30 | Create | Skirmisher |
| 21:34 | Build | Palisade Wall |
| 21:42 | Create | Villager (Male) |
| 21:44 | Create | Skirmisher |
| 21:44 | Create | Scout Cavalry |
| 22:36 | Create | Villager (Male) |
| 22:37 | Create | Villager (Male) |
| 22:53 | Create | Skirmisher |
| 22:53 | Create | Skirmisher |
| 23:02 | Create | Flemish Militia |
| 23:02 | Create | Flemish Militia |
| 23:02 | Create | Flemish Militia |
| 23:13 | Create | Villager (Male) |
| 23:15 | Build | Farm |
| 23:28 | Build | Lumber Camp |
| 23:41 | Create | Skirmisher |
| 23:42 | Create | Skirmisher |
| 23:43 | Create | Skirmisher |
| 24:20 | Research | Fletching |
| 24:21 | Research | Padded Archer Armor |
| 24:25 | Create | Archer |
| 24:36 | Build | House |
| 24:58 | Create | Skirmisher |
| 25:15 | Create | Skirmisher |
| 25:22 | Build | House |
| 25:26 | Build | House |
| 25:48 | Create | Skirmisher |
| 25:49 | Create | Skirmisher |
Match timeline
| 3:29 | Banana Latte · first_building Barracks |
| 9:25 | Morgan Wallin · first_building Barracks |
| 11:55 | Banana Latte · first_building Dock |
| 13:06 | Morgan Wallin · age_up feudal |
| 13:18 | Morgan Wallin · first_building Archery Range |
| 14:24 | Morgan Wallin · wall_segment Stone Wall x2 |
| 14:27 | Morgan Wallin · wall_segment Stone Wall x3 |
| 14:34 | Banana Latte · age_up feudal |
| 15:06 | Morgan Wallin · wall_segment Stone Wall x1 |
| 15:07 | Morgan Wallin · wall_segment Stone Wall x1 |
| 15:43 | Banana Latte · first_building Archery Range |
| 15:44 | Morgan Wallin · wall_segment Stone Wall x1 |
| 17:46 | Banana Latte · wall_segment Stone Wall x5 |
| 17:47 | Banana Latte · wall_segment Stone Wall x7 |
| 19:28 | Morgan Wallin · wall_segment Palisade Wall x1 |
| 20:11 | Morgan Wallin · first_building Stable |
| 20:34 | Morgan Wallin · wall_segment Palisade Wall x1 |
| 21:26 | Morgan Wallin · wall_segment Palisade Wall x1 |
| 21:34 | Morgan Wallin · wall_segment Palisade Wall x1 |
| 24:42 | Banana Latte · age_up castle |
| 25:42 | Morgan Wallin · first_market_buy 100 food |
| 26:15 | Banana Latte · first_building Castle |
| 26:21 | Morgan Wallin · first_market_sell 100 wood |
| 26:37 | Morgan Wallin · resign |
[ AI ANALYSIS · 1 CREDIT ]
What really happened in this match?
Wolo.gg analyzes every decision: build order, eco, micro, common mistakes by bracket. Personalized analysis on WhatsApp or Discord in 30 seconds.
Civ guide
Bohemians
Perfil
Jugador #554857